 Dungeon Crawl Stone Soup version 0.19-a0-1292-g796ee4d (webtiles) character file.

103 Kidiri the Magician (level 4, 0/24 HPs)
             Began as a Deep Elf Fire Elementalist on Aug 30, 2016.
             Slain by an orc wizard
             ... wielding a +0 dagger of protection
              (2 damage)
             ... on level 3 of the Dungeon.
             The game lasted 00:09:50 (2850 turns).

Kidiri the Magician (Deep Elf Fire Elementalist)    Turns: 2850, Time: 00:09:51

Health: 0/24       AC:  5    Str:  5    XL:     4   Next: 51%
Magic:  0/12       EV: 13    Int: 21    God:
Gold:   109        SH:  0    Dex: 15    Spells: 4 memorised, 3 levels left

rFire  . . .     SeeInvis .     d - +0 dagger
rCold  + . .     Gourm    .     a - +0 robe
rNeg   . . .     Faith    .     (no shield)
rPois  .         Spirit   .     (no helmet)
rElec  .         Dismiss  .     (no cloak)
rCorr  +         Reflect  .     A - +0 pair of gloves
MR     .....     Harm     .     y - +1 pair of boots
Stlth  ++........               (no amulet)
                                r - ring of resist corrosion
                                g - ring of protection from cold

@: no status effects
A: no striking features
a: no special abilities


You were on level 3 of the Dungeon.
You were not hungry.

You visited 1 branch of the dungeon, and saw 3 of its levels.

You collected 109 gold pieces.

Inventory:

Hand Weapons
 d - a +0 dagger (weapon)
Armour
 a - a +0 robe (worn)
 y - a +1 pair of boots (worn)
 A - a +0 pair of gloves (worn)
Jewellery
 g - a ring of protection from cold (left hand)
 r - a ring of resist corrosion (right hand)
Wands
 q - a wand of digging (6/24)
Scrolls
 i - a scroll of noise {unknown}
 k - a scroll of enchant armour
 n - a scroll of teleportation {unknown}
 p - 2 scrolls of immolation {unknown}
 s - a scroll of recharging {unknown}
 u - a scroll of enchant weapon {unknown}
 v - a scroll of identify {unknown}
 w - 2 scrolls of amnesia {unknown}
Potions
 e - a potion of resistance {unknown}
 h - 2 potions of lignification {unknown}
 o - a potion of agility {unknown}
 t - a potion of invisibility {unknown}
 z - a potion of brilliance {unknown}
Books
 b - a book of Flames

   Spells                             Type                      Level
   a - Flame Tongue                   Conjuration/Fire             1
   b - Throw Flame                    Conjuration/Fire             2
   c - Conjure Flame                  Conjuration/Fire             3
   d - Inner Flame                    Hexes/Fire                   3
   e - Sticky Flame                   Conjuration/Fire             4
   f - Fireball                       Conjuration/Fire             5
Comestibles
 c - 3 bread rations
 f - 3 fruits
 j - 2 meat rations
 l - a slice of pizza
 m - 4 chunks of flesh


   Skills:
 - Level 2.8 Dodging
 - Level 2.6 Stealth
 * Level 4.8 Spellcasting
 + Level 2.1 Conjurations
 + Level 4.1 Fire Magic


You had 3 spell levels left.
You knew the following spells:

 Your Spells              Type           Power        Failure   Level  Hunger
a - Flame Tongue          Conj/Fire      ###..        3%          1    None
b - Throw Flame           Conj/Fire      ###...       6%          2    None
c - Conjure Flame         Conj/Fire      ###.....     12%         3    ##.....
d - Inner Flame           Hex/Fire       ##......     17%         3    ##.....


Dungeon Overview and Level Annotations

Branches:
Dungeon (3/15)

Altars:
Kikubaaqudgha


Message History

Casting: Flame Tongue
Confirm with . or Enter, or press ? or * to list all spells.
Aiming: Flame Tongue
Press: ? - help, Shift-Dir - straight line The flame tongue hits something.
Something hits you but does no damage.
You completely miss something.
An orc wizard appears from thin air!
Reactivating autopickup.
The orc wizard points at you and mumbles some strange words.
The puff of flame hits you!
* * * LOW HITPOINT WARNING * * *
Okay, then.
Casting: Flame Tongue
Confirm with . or Enter, or press ? or * to list all spells.
Aiming: Flame Tongue
Press: ? - help, Shift-Dir - straight line, f - orc wizard
Aim: an orc wizard, wielding a dagger of protection and wearing a robe (severely wounded)
The flame tongue hits the orc wizard.
The orc wizard appears unharmed.
The orc wizard is severely wounded.
The orc wizard hits you with a dagger of protection.
You die...

######### #.# #.###.....# ..#
##>## ##.##########.##.....[#
..##8...8##......................
..##.....##..#############....#..
..#8..$..8#### ########
..##.....#########
..##8...8##......#
..##.....##......#
..#8.....8#.....@# ..#
.....##.....o# ..# 8...8##......#
).# ##_## #.....†# ..#######
#......#####+#######+# ...##..#
#......+.............. ......##
#......#.......)[..... .....##
###...................
.....########......###)#######+#


You could see an orc wizard.

Vanquished Creatures
  2 adders (D:2)
  An ooze (D:1)
  3 worms
  4 dart slugs
  6 orcs (D:3)
  6 bats
  7 hobgoblins
  5 jackals
  7 kobolds
  5 giant newts
  6 goblins
  7 rats
  A toadstool (D:1)
60 creatures vanquished.

Vanquished Creatures (others)
  An orc (D:3)
  3 toadstools (D:1)
4 creatures vanquished.

Grand Total: 64 creatures vanquished

Notes
Turn   | Place    | Note
-------+----------+-------------------------------------------
     0 | D:1      | Kidiri the Deep Elf Fire Elementalist began the quest for the Orb.
     0 | D:1      | Reached XP level 1. HP: 10/10 MP: 6/6
   184 | D:1      | Reached XP level 2. HP: 14/15 MP: 5/8
   188 | D:1      | Learned a level 2 spell: Throw Flame
  1136 | D:2      | Reached XP level 3. HP: 19/19 MP: 7/10
  1141 | D:2      | Learned a level 3 spell: Conjure Flame
  1145 | D:2      | Learned a level 3 spell: Inner Flame
  1915 | D:2      | Reached XP level 4. HP: 24/24 MP: 7/12
  2645 | D:3      | Found an ancient bone altar of Kikubaaqudgha.
  2828 | D:3      | HP: 1/24 [something/puff of flame (9)]
  2850 | D:3      | Slain by an orc wizard

Vault maps used:
D:1:      ldierk_water_garden, minmay_tetromino_t4
D:3:      kennysheep_six_static_rooms, nicolae_overflow_hidden_temple,
          hangedman_decor_peaks_small

Skill      XL: |  1  2  3  4 |
---------------+-------------+-----
Fire Magic     | 4 |  4.1
Spellcasting   | 4 |  4.8
Conjurations   | 2 |  2.1
Dodging        | |  2.8
Stealth        | |  2.6

Action                   |  1- 3 |  4- 6 || total
-------------------------+-------+-------++-------
Melee: Unarmed           |     2 |       ||     2
       Dagger            |     4 |    20 ||    24
 Cast: Flame Tongue      |    55 |    34 ||    89
       Throw Flame       |     9 |     7 ||    16
  Use: Potion            |       |     4 ||     4
       Scroll            |       |     1 ||     1
 Stab: Sleeping          |     1 |     2 ||     3
  Eat: Chunk             |     3 |     3 ||     6
Armor: Robe              |     2 |     8 ||    10
Dodge: Dodged            |    21 |    15 ||    36
